Unix NetHack Version 5.0.0-0 post-release - last build Jun 10 2026 00:39:30 (3ee93aec679c4c4259841fe613dc97188e26a321,branch:main).

Game began 2026-07-07 01:40:44, ended 2026-07-07 03:06:40.

DaveT, lawful male human Priest

                    -----         ---------
                   #-%..|         |.......|      -------
                   #|...|         ........-##@q .......|
                   #|...|         |.......|         ...|
                   #|....#        ---.-----            |
                   #-----#         ####
 -------+-         ###   #          #
 |......`.###        #   #     ######
 |.......|  ##       #   #     #
 |.......|   #       #   #   --|-------
 |.......|   ##      #   #   |........|
 |....<..-##### -----#   ####|........|
 ---------    ##|...|#      #.........|
               #|...|#       |........|
               #....|#       ----------
                |....#
                |...|
                -----

DaveT the Adept              St:25 Dx:11 Co:15 In:11 Wi:18 Ch:15  Lawful
Dlvl:8  $:117 HP:0(59) Pw:79(92) AC:-4 Xp:9 T:13719  Satiated Burdened

Latest messages:
 There is a pony corpse here; eat it? [ynq] (n) y
 This pony corpse is gamey.
 The tengu appears close by!
 You finish eating the pony corpse.
 The tengu vanishes!
 You hear a chugging sound.
 You see here a statue of a trapper.
 The statue comes to life!
 You hit the trapper!
 The trapper misses!
 The trapper misses!
 You see here a potion of healing.
 You hit the trapper!
 You hit the trapper!
 You miss the trapper.
 The trapper folds itself around you!
 You are being squashed!
 You hit the trapper.
 You kill the trapper!
 You see here a potion of healing.
 You have a little trouble lifting I - a potion of healing (2 in total).
 You find a hidden door.
 This door is locked.
 Unlock it with your lock pick? [ynq] (q) y
 You succeed in picking the lock.
 In what direction? l
 The door opens.
 The leocrotta hits!
 The leocrotta misses!
 The leocrotta misses!
 The leocrotta hits!
 The leocrotta misses!
 The leocrotta hits!
 The leocrotta just misses!
 The leocrotta bites!
 The leocrotta hits!
 You hit the leocrotta!
 The leocrotta hits!
 The leocrotta misses!
 The leocrotta misses!
 The leocrotta hits!
 The leocrotta bites!
 The leocrotta hits!
 You hit the leocrotta!
 The leocrotta hits!
 The leocrotta bites!
 The leocrotta hits!
 You die...
 Do you want your possessions identified? [ynq] (y) y
 Do you want to see your attributes? [ynq] (y) q

Inventory:
 Coins    ('$')
  $ - 117 gold pieces
 Amulets  ('"')
  S - an amulet versus poison (being worn)
 Weapons  (')')
  U - 10 blessed +0 darts
  f - 5 blessed +1 daggers
  E - a +0 aklys
  a - a blessed corroded +2 mace (weapon in left hand)
 Armor    ('[')
  R - a burnt +0 elven leather helm (being worn)
  y - a blessed rustproof +3 pair of gauntlets of power (being worn)
  W - a burnt +0 pair of elven boots (being worn)
  c - a blessed +0 small shield (being worn)
  b - a blessed +2 robe (being worn)
  w - a rusty +0 banded mail (being worn)
 Comestibles  ('%')
  M - 3 food rations
 Scrolls  ('?')
  j - 3 scrolls of blank paper
  X - a cursed scroll of blank paper
  k - 2 scrolls of identify
  H - a scroll of scare monster
  F - a scroll of teleportation
 Potions  ('!')
  Q - a potion of confusion
  I - 2 potions of healing
  K - a potion of monster detection
  v - a potion of object detection
  u - 6 potions of water
 Rings    ('=')
  D - a +0 ring of adornment
  N - a ring of conflict
  J - a +3 ring of increase accuracy
  o - a ring of slow digestion (on left hand)
 Wands    ('/')
  g - a wand of magic missile (0:2)
  P - a wand of striking (0:0)
 Tools    ('(')
  p - a lock pick
  O - a cursed magic marker (0:78)
  x - a blessed oil lamp
  r - a +0 pick-axe
  B - a stethoscope
  m - a partly used tallow candle
  q - a towel
  L - a +0 unicorn horn

DaveT the Priest's attributes:

Background:
 You were an Adept, a level 9 human Priest.
 You were lawful, on a mission for Mitra
 who was opposed by Crom (neutral) and Set (chaotic).
 You were left-handed.
 You were in the Dungeons of Doom, on level 8.
 You entered the dungeon 13719 turns ago.
 It was nighttime.
 You had 4969 experience points, 151 more were needed to attain level 10.

Basics:
 You had 0 out of 59 hit points.
 You had 79 out of 92 energy points (spell power).
 Your armor class was -4.
 Your wallet contained 117 zorkmids.
 Autopickup was off.

Final Characteristics:
 Your strength was 25 (base:17, innate limit:18/100).
 Your dexterity was 11 (limit:18).
 Your constitution was 15 (limit:18).
 Your intelligence was 11 (limit:18).
 Your wisdom was 18 (limit:18).
 Your charisma was 15 (limit:18).

Final Status:
 You were satiated.
 You were burdened; movement was slightly slowed.
 You were wielding a mace.
 You had expert skill with mace.

Final Attributes:
 You were piously aligned.
 You were poison resistant.
 You were telepathic.
 You were stealthy.
 You had slower digestion.
 You were guarded.
 Your spell casting was impaired by metallic armor, mitigated by your robe.
 Mitra was angry with you.
 You are dead.

Miscellaneous:
 You didn't encounter any bones levels.
 Total elapsed playing time was 1 hour, 25 minutes and 55 seconds.

Major events:
 Turn
    1: DaveT the lawful human Priest entered the dungeon
  316: attained the rank of Acolyte (level 3)
  842: entered the Gnomish Mines
 2285: attained the rank of Adept (level 6)
 5580: found Frost Brand on the floor
 9233: reached Mine Town
10141: made his first wish - "blessed rustproof +3 gauntlets of power", got "a blessed pair of fencing gloves"
12710: entered Sokoban
13719: killed by a leocrotta

Spells:
 Name                 Level Category     Fail Retention
 healing                1   healing       67%   31%-40%
 extra healing          3   healing       71%   31%-40%
 cancellation           7   matter       100%   26%-50%
 chain lightning        2   attack        90%   51%-75%
 light                  1   clerical      85%   71%-80%
 detect unseen          3   divination   100%  76%-100%

Skills:
 Fighting Skills
   bare handed combat [Unskilled]
 Weapon Skills
   club               [Unskilled]
   mace               [Expert]
   morning star       [Unskilled]
   flail              [Unskilled]
   hammer             [Unskilled]
   quarterstaff       [Unskilled]
   polearms           [Unskilled]
   spear              [Unskilled]
   trident            [Unskilled]
   lance              [Unskilled]
   bow                [Unskilled]
   sling              [Unskilled]
   crossbow           [Unskilled]
   dart               [Unskilled]
   shuriken           [Unskilled]
   boomerang          [Unskilled]
   unicorn horn       [Unskilled]
 Spellcasting Skills
   healing spells     [Basic]
   divination spells  [Unskilled]
   clerical spells    [Basic]

Voluntary challenges:
 Character rerolling was not enabled.
 You never genocided any monsters.
 You never polymorphed an object.
 You never changed form.
 You used 1 wish.
 You did not wish for any artifacts.
 You did not violate any of the special Sokoban rules.
Achievements:
 You entered a shop.
 You attained the rank of Acolyte.
 You entered the Gnomish Mines.
 You attained the rank of Adept.
 You entered Minetown.
 You entered a temple.
 You entered Sokoban.

 The Dungeons of Doom: levels 1 to 8
    Level 1:
    Level 2:
       A ring shop, a fountain.
       Stairs down to The Gnomish Mines.
    Level 3:
       A general store.
    Level 4:
       A general store.
    Level 5: "empty vault"
       A grave.
    Level 6:
       Many fountains.
       Oracle of Delphi.
    Level 7:
       A general store, an altar to Mitra, some fountains.
       Stairs up to Sokoban, level 6.
    Level 8: <- You were here.
       Final resting place for
          you, killed by a leocrotta.
 The Gnomish Mines: levels 3 to 6
    Level 3:
    Level 4:
    Level 5:
       Many shops, a temple and an altar, some fountains, some trees.
    Level 6:
 Sokoban:
    Level 6:
       Unsolved.


Vanquished creatures:
  a trapper
  2 large mimics
  4 small mimics
  a large dog
 an ochre jelly
  a wraith
  2 giant beetles
  a wolf
  a panther
  2 leprechauns
 an iron piercer
  2 black lights
 an orc mummy
  5 brown puddings
  a rust monster
 an owlbear
  a werewolf
  a Green-elf
  2 lizards
  3 dingoes
  a dog
  a gray unicorn
  a raven
  a snake
  7 apes
  3 human zombies
  a rope golem
  4 Woodland-elves
  a soldier ant
  2 imps
  a wood nymph
  a water nymph
  2 mountain nymphs
 an orc shaman
  2 rock piercers
  4 rock moles
  6 ponies
  2 yellow lights
  a shrieker
  a violet fungus
 14 gnome leaders
  a gnomish wizard
  3 gray oozes
 an elf zombie
  2 ghouls
  a paper golem
 13 giant ants
  2 little dogs
  a floating eye
  2 kittens
  3 homunculi
  a kobold shaman
 12 hill orcs
 12 rothes
  3 rabid rats
  a centipede
  4 giant bats
  2 monkeys
  2 orc zombies
  4 dwarf zombies
  4 wererats
  2 werejackals
  3 iguanas
  4 killer bees
 an acid blob
  4 coyotes
  2 gas spores
  2 hobbits
  5 manes
  4 giant rats
  3 cave spiders
  2 brown molds
  3 yellow molds
 30 gnomes
 19 garter snakes
  2 gnome zombies
  a gecko
 11 jackals
  a fox
  2 kobolds
  a goblin
 12 sewer rats
 10 grid bugs
  2 bats
  9 lichens
  3 kobold zombies
  6 newts
309 creatures vanquished.

No species were genocided or became extinct.

Game over:
                       ----------
                      /          \
                     /    REST    \
                    /      IN      \
                   /     PEACE      \
                  /                  \
                  |      DaveT       |
                  |      117 Au      |
                  |   killed by a    |
                  |    leocrotta     |
                  |                  |
                  |                  |
                  |       2026       |
                 *|     *  *  *      | *
        _________)/\\_//(\/(/\)/\//\/|_)_______

Goodbye DaveT the Priest...

You died in The Dungeons of Doom on dungeon level 8 with 17024 points,
and 117 pieces of gold, after 13719 moves.
You were level 9 with a maximum of 59 hit points when you died.

